 Seeded DCSS version 0.28-a0-1292-gb4563b2 (webtiles) character file.

Game seed: 6760368435528562141 (custom seed)

298385 nrm the Warrior (level 20, -17/140 HPs)
             Began as a Gargoyle Conjurer on Dec 27, 2021.
             Was an Elder of Zin.
             Demolished by an angel (25 damage)
             ... on level 3 of the Abyss.
             The game lasted 02:16:35 (72354 turns).

nrm the Warrior (Gargoyle Conjurer)                Turns: 72354, Time: 02:16:36

Health: -17/140    AC: 39    Str: 25    XL:     20   Next: 96%
Magic:  33/33      EV: 13    Int: 25    God:    Zin [****..]
Gold:   4337       SH:  5    Dex: 15    Spells: 26/27 levels left

rFire   + + +      SeeInvis .   a - +10 lajatang of Dim Light {holy, Will+ Int+3 Stlth+}
rCold   . . .      Faith    .   (shield currently unavailable)
rNeg    + . .      Spirit   .   J - +5 ring mail of Beauty {rF+ Will++}
rPois   ∞          Reflect  +   K - +2 hat
rElec   +          Harm     .   l - +2 cloak {rF+}
rCorr   +          Rampage  .   y - +0 pair of gloves
Will    ++++.                   (no boots)
Stlth   +.........              E - amulet of reflection
HPRegen 0.33/turn               X - ring of Scepticism {rCorr AC+4 Str+2}
MPRegen 0.23/turn               v - ring of protection from fire

@: vitalised, about to teleport, flying, glowing
A: sickness immunity, AC +15, big wings, negative energy resistance 1,
electricity resistance, torment resistance 1, petrification resistance,
[deformed body], [dopey 2], [weak 2]
}: 2/15 runes: decaying, gossamer
a: Renounce Religion, Recite, Vitalisation, Imprison, Donate Gold


You were on level 3 of the Abyss.
You worshipped Zin.
Zin was greatly pleased with you.
You visited 7 branches of the dungeon, and saw 33 of its levels.
You visited the Abyss 3 times.
You also visited: Ossuary, Bailey, Ice Cave and Volcano.

You collected 5715 gold pieces.
You spent 1008 gold pieces at shops.
You donated 370 gold pieces to Zin.

Inventory:

Hand Weapons
 a - the +10 lajatang of Dim Light (weapon) {holy, Will+ Int+3 Stlth+}
   (You acquired it on level 7 of the Dungeon)

   It has been blessed by the Shining One to cause great damage to the undead
   and demons.
   Int:       It affects your intelligence (+3).
   Will:      It increases your willpower.
   Stlth:     It makes you more stealthy.
 b - a +0 quarterstaff of freezing
Missiles
 s - 14 curare-tipped darts (quivered)
 H - 2 throwing nets
Armour
 l - a +2 cloak of fire resistance (worn)
 y - a +0 pair of gloves (worn)
 G - a +0 crystal plate armour of cold resistance
 J - the +5 ring mail of Beauty (worn) {rF+ Will++}
   (You found it on level 3 of the Spider Nest)

   rF:        It protects you from fire.
   Will:      It greatly increases your willpower.
 K - a +2 hat (worn)
Jewellery
 f - a +4 ring of evasion
 v - a ring of protection from fire (right hand)
 C - a ring of see invisible
 E - an amulet of reflection (around neck)
 R - the ring "Niaraj" {rN+ Int+6}
   (You found it in an ice cave)

   [ring of positive energy]

   Int:       It affects your intelligence (+6).
   rN:        It protects you from negative energy.
 W - a ring of protection from cold
 X - the ring of Scepticism (left hand) {rCorr AC+4 Str+2}
   (You found it on level 10 of the Dungeon)

   [ring of protection]

   AC:        It affects your AC (+4).
   Str:       It affects your strength (+2).
   rCorr:     It protects you from acid and corrosion.
Wands
 A - a wand of digging (39)
 I - a wand of acid (8)
 M - a wand of flame (74)
 N - a wand of paralysis (13)
 O - a wand of iceblast (42)
 V - a wand of mindburst (8)
Scrolls
 c - 9 scrolls of vulnerability
 g - 5 scrolls of fear
 j - 5 scrolls of brand weapon
 m - 4 scrolls of enchant weapon
 o - a scroll of torment {unknown}
 r - 4 scrolls of teleportation
 t - 6 scrolls of enchant armour
 u - 6 scrolls of magic mapping
 z - 3 scrolls of fog
 B - a scroll of silence
 F - 3 scrolls of immolation
 U - 3 scrolls of holy word
Potions
 d - 7 potions of brilliance
 e - 5 potions of might
 h - 10 potions of curing
 i - a potion of resistance
 n - 8 potions of flight
 p - 3 potions of lignification
 w - 2 potions of haste
 x - a potion of berserk rage
 D - a potion of heal wounds
 P - 5 potions of mutation
 Q - 4 potions of attraction
 S - 2 potions of magic
 T - a potion of cancellation
Miscellaneous
 L - a box of beasts
 Y - a phantom mirror
 Z - a lightning rod (4/4)


   Skills:
 - Level 20.0 Fighting
 - Level 0.2(0.3) Short Blades
 - Level 0.2(0.3) Long Blades
 - Level 2.5(9.3) Maces & Flails
 - Level 13.8(14.0) Staves
 - Level 0.3 Bows
 - Level 0.1 Crossbows
 - Level 9.1 Throwing
 - Level 20.0 Armour
 - Level 5.2 Dodging
 - Level 2.1 Stealth
 - Level 0.6 Shields
 - Level 0.4 Unarmed Combat
 - Level 4.3 Spellcasting
 - Level 5.0 Conjurations
 - Level 0.1 Hexes
 - Level 0.4 Summonings
 - Level 0.3 Necromancy
 - Level 0.1 Translocations
 - Level 0.1 Transmutations
 - Level 0.5 Fire Magic
 - Level 0.6 Ice Magic
 - Level 0.3 Air Magic
 - Level 0.2 Earth Magic
 - Level 0.4 Poison Magic
 * Level 18.7 Invocations
 * Level 9.6 Evocations


You had 26 spell levels left.
You knew the following spells:

 Your Spells              Type           Power      Damage    Failure   Level
a - Magic Dart            Conj           100%       1d8       1%          1

Your spell library contained the following spells:

 Spells                   Type           Power      Damage    Failure   Level
 Searing Ray              Conj           60%        2d6       2%          2
 Foxfire                  Conj/Fire      76%        2x1d7     3%          1
 Animate Skeleton         Necr           12%        N/A       10%         1
 Pain                     Necr           24%        1d5       10%         1
 Sting                    Tmut/Pois      24%        1d4       10%         1
 Beastly Appendage        Tmut           12%        N/A       11%         1
 Slow                     Hex            20%        N/A       11%         1
 Conjure Flame            Conj/Fire      19%        6-21      11%         3
 Dazzling Flash           Conj/Hex       36%        N/A       12%         3
 Ensorcelled Hibernation  Hex/Ice        14%        N/A       14%         2
 Scorch                   Fire           14%        2d5       14%         2
 Mephitic Cloud           Conj/Pois/Air  14%        N/A       16%         3
 Ozocubu's Armour         Ice            8%         N/A       26%         3
 Ignite Poison            Fire/Tmut/Pois 7%         N/A       28%         3
 Inner Flame              Hex/Fire       6%         N/A       30%         3
 Summon Guardian Golem    Hex/Summ       6%         N/A       30%         3
 Vampiric Draining        Necr           6%         2d6       30%         3
 Confusing Touch          Hex            5%         N/A       32%         3
 Tukima's Dance           Hex            5%         N/A       32%         3
 Hailstorm                Conj/Ice       19%        3d6       34%         4
 Flame Wave               Conj/Fire      19%        2d5       36%         4
 Fulminant Prism          Conj/Hex       9%         3d7       36%         4
 Iskenderun's Mystic Bla  Conj/Tloc      18%        2d6       36%         4
 Ice Form                 Ice/Tmut       7%         N/A       67%         4
 Irradiate                Conj/Tmut      9%         3d16      71%         5
 Freezing Cloud           Conj/Ice/Air   7%         6-21      80%         5
 Alistair's Intoxication  Tmut/Pois      4%         N/A       95%         5
 Borgnjor's Vile Clutch   Necr/Erth      3%         N/A       95%         5
 Starburst                Conj/Fire      9%         6d5       99%         6
 Eringya's Noxious Bog    Tmut/Pois      3%         N/A       100%        6
 Simulacrum               Ice/Necr       3%         N/A       100%        6
 Summon Cactus Giant      Summ           3%         N/A       100%        6
 Enfeeble                 Hex            2%         N/A       100%        7
 Orb of Destruction       Conj           15%        9d7       100%        7
 Ozocubu's Refrigeration  Ice            4%         4d5       100%        7
 Spellforged Servitor     Conj/Summ      9%         N/A       100%        7
 Borgnjor's Revivificati  Necr           3%         N/A       100%        8
 Necromutation            Tmut/Necr      3%         N/A       100%        8
 Death's Door             Necr           3%         N/A       100%        9
 Statue Form              Tmut/Erth      Unusable   N/A       N/A         6

Dungeon Overview and Level Annotations

Branches:
Dungeon (15/15)            Temple (1/1) D:5            Lair (6/6) D:9
  Swamp (4/4) Lair:4       Spider (4/4) Lair:2        Slime (0/5) Lair:5
    Orc (2/2) D:10            Elf (0/3) Orc:2        Vaults (1/5) D:13
 Depths (0/4) D:15        Ossuary (visited)          Bailey (visited)
  IceCv (visited)         Volcano (visited)

Altars:
Ashenzari
Dithmenos
Elyvilon
Gozag
Hepliaklqana
Kikubaaqudgha
Makhleb
Nemelex Xobeh
Qazlal
Ru
Trog
Uskayaw
Wu Jian
Yredelemnul
Zin
Beogh
Jiyva
Lugonu

Shops:
D:4 *   Orc:1 =   Orc:2 ??[[!((

Portals:
Abyss: Lair:6*

Annotations:
Orc:2 Saint Roka
Vaults:1 Asterion, Sojobo


Innate Abilities, Weirdness & Mutations

You are immune to sickness and miasma.
Your stone body is resilient. (AC +15)
You are immune to poison.
Your large and strong wings let you fly.
You resist negative energy. (rN+)
You are resistant to electric shocks. (rElec)
You are resistant to unholy torment.
You are immune to petrification.
[Armour fits poorly on your strangely shaped body.]
[You are very dopey. (Int -4)]
[You are very weak. (Str -4)]


Message History

You closely miss the cherub.
The cherub is heavily wounded.
The angel embarks on a lengthy sermon about the evilness of Yredelemnul.
The angel hits you but does no damage. x2; You block the cherub's attack.
The cherub closely misses you.
Unknown command.
You completely miss the cherub.
The cherub is heavily wounded.
The angel misses you. The angel hits you but does no damage.
The cherub unwields a +4 long sword of flaming.
It stops flaming.
The cherub wields a +0 hunting sling.
The cherub shoots a stone.
The stone hits you.
* * * LOW HITPOINT WARNING * * *
You block the cherub's attack. The cherub closely misses you.
As you read the scroll of fog, it crumbles to dust.
The scroll dissolves into smoke.
The angel hits you but does no damage.
The angel hits you with a +1 whip of holy wrath!
* * * LOW HITPOINT WARNING * * *
The angel barely misses you.
The angel hits you with a +1 whip of holy wrath.
* * * LOW HITPOINT WARNING * * *
The cherub sings a powerful hymn!
The angel goes into a battle-frenzy!
You feel much better.
The angel hits you with a +1 whip of holy wrath.
* * * LOW HITPOINT WARNING * * *
The angel hits you but does no damage. The cherub hits you but does no damage.
The cherub pecks you but does no damage.
You slash the cherub!
The cherub is heavily wounded.
The angel is no longer covered in acid.
The eidolon is no longer covered in acid.
The angel hits you with a +1 whip of holy wrath!!
* * * LOW HITPOINT WARNING * * *
The angel hits you but does no damage.
As you read the scroll of teleportation, it crumbles to dust.
You feel strangely unstable.
You feel the power of the Abyss delaying your translocation!
The angel hits you with a +1 whip of holy wrath!!
You die...

#...# #C#
. ###A##
. #.#'#.#
..
#.....#
.. . .
#.....# .
. .
#§§§§§#..
##
#§§A##...
#. .. #
#@##..
.... ...
#A#8 ...
. . #W##
..... .
##G§§##.
.. . ..
#.._. #
###.. # .
## ####.
..# ....
##(# .#∩
. # . .
.. ... ..
.## 5 .
... .. .


You could see an angel (strong), a cherub and an eidolon.

Vanquished Creatures
  Frederick (Vaults:1)
  Arachne (Spider:2)
  Rupert (Lair:4)
  A tentacled monstrosity (Abyss:3)
  2 liches
  Agnes (D:15)
  7 tentacled starspawn
  A thorn hunter (Lair:4)
  Frances (D:13)
  A tengu reaver (D:13)
  Donald (Orc:2)
  Roxanne (Swamp:1)
  4 emperor scorpions
  2 draconian knights
  The ghost of garrulousMonolith the Blocker, a journeyman GnFi of Cheibriados (Lair:6)
  2 vault wardens (Vaults:1)
  6 ghost moths
  3 ironbound preservers (Vaults:1)
  A broodmother (Spider:3)
  An ironbound thunderhulk (Vaults:1)
  3 very ugly things (Abyss:3)
  3 entropy weavers (Spider:1)
  7 bunyips
  A black draconian (Abyss:1)
  8 eleionomae
  An ophan (Abyss:3)
  Nessos (Orc:2)
  A red draconian (Volcano)
  7 spark wasps
  Josephine (Spider:1)
  A great orb of eyes (Abyss:3)
  A green death (Abyss:2)
  A fire dragon (D:15)
  2 yaktaur captains (Vaults:1)
  A vault guard (Vaults:1)
  Fannar (Lair:2)
  A rakshasa (Abyss:3)
  25 hydras
  2 caustic shrike simulacra (IceCv)
  An ice dragon (D:15)
  5 ghost crabs
  3 jorogumos
  2 ogre magi
  10 centaur warriors
  A catoblepas (D:14)
  An ironbound frostheart (Vaults:1)
  A spriggan air mage (Swamp:2)
  7 boulder beetles
  Erica (Lair:2)
  A radroach (Spider:2)
  8 alligators
  3 orc high priests
  9 thrashing horrors
  13 two-headed ogres
  19 death yaks
  5 tengu warriors
  6 wretched stars
  A salamander mystic (Volcano)
  6 pharaoh ants
  A fire crab (shapeshifter) (D:15)
  3 spatial maelstroms
  6 goliath frogs
  4 steelbarb worms
  5 skeletal warriors (D:12)
  8 deep trolls (Vaults:1)
  2 sun moths
  16 orb spiders
  7 spriggan druids
  A wizard (Abyss:3)
  2 lindwurms
  A deep troll (shapeshifter) (D:13)
  5 bog bodies
  An orc knight (D:15)
  2 deep elf pyromancers
  3 deep elf zephyrmancers (D:13)
  15 swamp dragons
  A necromancer (IceCv)
  A deep elf archer (D:13)
  A harpy (shapeshifter) (D:11)
  2 ironbound convokers (Vaults:1)
  An obsidian statue (IceCv)
  An anaconda skeleton (Abyss:3)
  An oklob plant (Lair:5)
  4 harpies (Vaults:1)
  3 orc sorcerers
  21 ugly things
  3 will-o-the-wisps
  29 wolf spiders
  3 salamanders (Volcano)
  9 manticores
  3 moths of wrath
  5 cyclopes
  3 vault sentinels
  26 elephants
  5 black mambas
  3 torpor snails
  3 smoke demons (Abyss:3)
  10 cane toads
  A cane toad (shapeshifter) (Lair:6)
  A gargoyle (D:11)
  8 komodo dragons
  8 rime drakes
  5 demonic crawlers
  An orange demon (Abyss:3)
  18 freezing wraiths
  4 unseen horrors
  5 yaktaurs (Vaults:1)
  An ice devil (IceCv)
  A tormentor (Abyss:3)
  3 efreet
  4 anaconda simulacra (IceCv)
  2 golden dragon simulacra (IceCv)
  A tengu conjurer (D:15)
  2 entropy weaver simulacra (IceCv)
  5 ancient zymes
  9 trolls
  A troll (shapeshifter) (Abyss:1)
  12 meliai
  A queen bee (shapeshifter) (D:15)
  12 tyrant leeches
  17 hornets
  2 polar bears
  36 tarantellas
  A wolf spider simulacrum (D:15)
  4 slime creatures
  A meliai zombie (D:11)
  28 blink frogs
  A raiju (Lair:6)
  21 jumping spiders
  4 centaur simulacra
  18 culicivoras
  2 starcursed masses (Abyss:2)
  8 ynoxinuls
  6 shadows
  Sigmund (D:4)
  17 spriggans
  14 large abominations
  A culicivora (shapeshifter) (D:10)
  A vampire (D:9)
  5 dire elephant simulacra (IceCv)
  6 wraiths
  2 water elementals (D:15)
  2 wyverns (Lair:5)
  3 fire bats (Lair:1)
  4 basilisks
  65 yaks
  86 redbacks
  9 vampire mosquitoes
  4 chaos spawn
  5 neqoxecs
  A minotaur simulacrum (IceCv)
  A steam dragon (D:8)
  10 swamp worms
  2 wargs
  A swamp worm (shapeshifter) (D:11)
  4 acid dragons
  5 harpy simulacra
  15 water moccasins
  6 hell hounds
  2 hydra simulacra (IceCv)
  51 orc warriors
  3 black bears
  2 alligator simulacra (IceCv)
  2 ice beasts
  9 swamp drakes
  4 boggarts
  25 small abominations
  10 ogres
  9 wolves
  8 centaurs
  A phantom (D:6)
  3 kobold brigands (D:13)
  2 gnoll sergeants
  14 bullfrogs
  2 deep troll simulacra (IceCv)
  5 scorpions
  A wyvern skeleton (D:6)
  A hornet simulacrum (D:15)
  3 water moccasin skeletons
  19 killer bees
  2 lindwurm simulacra (IceCv)
  A vampire bat (D:11)
  16 wights
  4 howler monkeys
  3 electric eels
  3 jellies
  A bullfrog zombie (D:6)
  8 centaur zombies
  A quasit (Abyss:1)
  16 orc priests
  4 hounds
  3 bullfrog skeletons
  2 centaur skeletons
  2 gnoll shamans
  An iron imp (Abyss:1)
  29 orc wizards
  An iguana (D:6)
  2 killer bee zombies
  A hound skeleton (D:5)
  2 howler monkey zombies
  8 mummies (Ossuary)
  15 gnolls
  4 adders
  4 shadow imps
  6 white imps
  7 ufetubi
  3 worms
  5 dart slugs
  98 orcs
  5 bats
  3 bat skeletons (D:11)
  2 bat zombies (D:11)
  6 endoplasms
  10 giant cockroaches
  12 goblins
  8 hobgoblins
  9 quokkas
  16 ball pythons
  2 frilled lizards
  A gnoll zombie (Ossuary)
  2 hobgoblin zombies (Ossuary)
  13 kobolds
  2 kobold zombies (Ossuary)
  3 orc zombies (Ossuary)
  9 rats
  A lurking horror (Abyss:3)
1486 creatures vanquished.

Vanquished Creatures (others)
  A dancing weapon (Abyss:3)
  A spriggan druid (Swamp:2)
  A large abomination (Abyss:3)
  A wolf spider (Spider:4)
  An unseen horror (D:11)
  4 bloated husks
  A hornet (Swamp:1)
  A spriggan (Swamp:1)
  A swamp worm (Swamp:2)
  A boggart (Vaults:1)
  2 orcs
  A kobold (D:13)
  A bush (Lair:6)
  A demonic plant (Abyss:1)
  8 foxfires
  31 fungi
  29 plants
  22 starspawn tentacles
108 creatures vanquished.

Grand Total: 1594 creatures vanquished

Notes
Turn   | Place    | Note
-------+----------+-------------------------------------------
     0 | D:1      | nrm the Gargoyle Conjurer began the quest for the Orb.
     0 | D:1      | Reached XP level 1. HP: 10/10 MP: 3/3
   431 | D:1      | Reached XP level 2. HP: 16/16 MP: 0/5
   905 | D:1      | Reached skill level 5 in Conjurations
   905 | D:1      | Reached XP level 3. HP: 17/20 MP: 3/6
  1007 | D:1      | Reached skill level 1 in Fighting
  1191 | D:1      | Found a faded altar of an unknown god.
  2147 | D:2      | Found a hazy altar of Hepliaklqana.
  2224 | D:2      | Reached XP level 4. HP: 26/26 MP: 3/7
  3398 | D:3      | Reached XP level 5. HP: 27/31 MP: 5/9
  4000 | D:4      | Reached skill level 1 in Maces & Flails
  4278 | D:4      | Noticed Sigmund
  4339 | D:4      | Found Pod Meig's Assorted Antiques.
  4361 | D:4      | Reached XP level 6. HP: 36/36 MP: 11/11
  4686 | D:5      | Entered Level 5 of the Dungeon
  5680 | D:5      | Found a basalt altar of Yredelemnul.
  5732 | D:5      | Noticed a water moccasin
  6369 | D:5      | Reached XP level 7. HP: 30/40 MP: 13/13
  6706 | D:4      | Reached skill level 1 in Staves
  7083 | D:5      | Found a staircase to the Ecumenical Temple.
  7123 | Temple   | Entered the Ecumenical Temple
  7231 | Temple   | Became a worshipper of Zin the Law-Giver
  7231 | Temple   | Reached * piety under Zin
  8173 | D:6      | Reached XP level 8. HP: 43/48 MP: 14/14
  8694 | D:6      | Reached skill level 1 in Evocations
  9004 | D:6      | Reached skill level 5 in Fighting
  9004 | D:6      | Reached skill level 1 in Invocations
  9571 | D:6      | Reached skill level 5 in Dodging
  9607 | D:6      | Noticed a wraith
  9651 | D:6      | Reached skill level 1 in Throwing
  9651 | D:6      | Reached XP level 9. HP: 27/54 MP: 15/15
  9829 | D:6      | Identified the +2 plate armour of Zatoynun {rC+ Will+++
                  | Dex-2}
 10278 | D:7      | Reached skill level 1 in Armour
 10354 | D:7      | Reached skill level 5 in Staves
 10393 | D:7      | Found a flagged portal.
 10618 | Bailey   | Entered a bailey
 10970 | Bailey   | Identified the +4 shortbow of Teoqoxoj {freeze, rC+}
 11014 | Bailey   | Reached ** piety under Zin
 11014 | Bailey   | Reached *** piety under Zin
 11014 | Bailey   | Reached **** piety under Zin
 11293 | Bailey   | Reached ***** piety under Zin
 11293 | Bailey   | Reached ****** piety under Zin
 11367 | D:7      | Reached skill level 5 in Armour
 11367 | D:7      | Reached XP level 10. HP: 35/61 MP: 16/16
 11671 | D:7      | Identified 2 scrolls of acquirement
 11672 | D:7      | Acquired the +10 lajatang of Dim Light {holy, Will+ Int+3
                  | Stlth+}
 11784 | D:7      | You fall into a shaft and drop 1 floor!
 11889 | D:8      | Found a sand-covered staircase.
 11894 | Ossuary  | Entered an ossuary
 11936 | Ossuary  | Reached skill level 5 in Invocations
 12222 | D:8      | Acquired 1047 gold pieces
 13797 | D:4      | Killed Sigmund
 14347 | D:9      | Reached XP level 11. HP: 67/67 MP: 17/17
 14588 | D:9      | Noticed a two-headed ogre
 14596 | D:9      | Killed a two-headed ogre
 14638 | D:9      | Noticed a two-headed ogre
 14644 | D:9      | Killed a two-headed ogre
 14820 | D:9      | Found a staircase to the Lair.
 14937 | D:9      | Noticed a two-headed ogre
 14942 | D:9      | Killed a two-headed ogre
 15402 | D:10     | Entered Level 10 of the Dungeon
 15421 | D:10     | Noticed a two-headed ogre
 15615 | D:9      | Killed a two-headed ogre
 15616 | D:9      | Reached skill level 10 in Staves
 15723 | D:10     | Noticed a two-headed ogre
 15871 | D:9      | Killed a two-headed ogre
 16083 | D:10     | Noticed a two-headed ogre
 16196 | D:9      | Killed a two-headed ogre
 16476 | D:10     | Noticed a green ugly thing
 16488 | D:10     | Killed a green ugly thing
 16494 | D:10     | Reached XP level 12. HP: 60/73 MP: 18/18
 16506 | D:10     | Noticed a two-headed ogre
 16783 | D:10     | Killed a two-headed ogre
 16876 | D:10     | Noticed an ogre mage
 16882 | D:10     | Killed an ogre mage
 16974 | D:10     | Noticed a boulder beetle
 16974 | D:10     | Noticed a centaur warrior
 16985 | D:10     | Noticed a boulder beetle
 17286 | D:9      | Killed a centaur warrior
 17476 | D:10     | Killed a boulder beetle
 17554 | D:10     | Killed a boulder beetle
 17555 | D:10     | Reached skill level 10 in Armour
 18123 | D:10     | Identified the ring of Scepticism {rCorr AC+4 Str+2}
 18154 | D:10     | Identified the +1 chain mail "Idyrith" {Will+ Dex+3}
 18412 | D:10     | Noticed a two-headed ogre
 18606 | D:10     | Noticed a centaur warrior
 18618 | D:10     | Killed a centaur warrior
 18997 | D:10     | Found a staircase to the Orcish Mines.
 19047 | D:10     | Killed a two-headed ogre
 19276 | Orc:1    | Entered Level 1 of the Orcish Mines
 19325 | Orc:1    | Noticed an orc high priest
 19539 | Orc:1    | Noticed a soul eater
 19551 | D:10     | Killed an orc high priest
 19552 | D:10     | Reached XP level 13. HP: 57/80 MP: 19/19
 20172 | Orc:2    | Entered Level 2 of the Orcish Mines
 20172 | Orc:2    | Found Vujyi's Armour Boutique.
 20176 | Orc:2    | Found Azilleg's Distillery.
 20244 | Orc:2    | Bought a potion of heal wounds for 75 gold pieces
 20451 | Orc:2    | Found Lenev's Antique Weapon Shop.
 20542 | Orc:2    | Found Zivil's Magic Scroll Shop.
 20909 | Orc:2    | Noticed Nessos
 20930 | Orc:2    | Killed Nessos
 21086 | Orc:2    | Reached skill level 10 in Fighting
 21171 | Orc:2    | Noticed Donald
 21641 | Orc:1    | Found Hovetupp's Jewellery Boutique.
 21652 | Orc:1    | Bought an amulet of reflection for 330 gold pieces
 21757 | Orc:2    | Killed Donald
 22104 | Orc:2    | Found a staircase to the Elven Halls.
 22294 | Orc:2    | Bought a scroll of teleportation for 54 gold pieces
 22294 | Orc:2    | Bought a scroll of brand weapon for 360 gold pieces
 22294 | Orc:2    | Bought a scroll of teleportation for 54 gold pieces
 22294 | Orc:2    | Bought a scroll of blinking for 135 gold pieces
 22499 | Orc:2    | Found Faigi's Magic Scroll Boutique.
 23073 | Orc:2    | Noticed Saint Roka
 23534 | Orc:2    | Zin protects you from harm!
 23854 | Orc:1    | You fall into a shaft and drop 1 floor!
 24127 | Orc:2    | Found Valecvus's Antique Armour Emporium.
 24135 | Orc:2    | Found Urijeus's Antique Weapon Shoppe.
 24299 | Lair:1   | Entered Level 1 of the Lair of Beasts
 24475 | Lair:1   | Found a dark tunnel.
 24487 | Volcano  | Entered a volcano
 25087 | Volcano  | Noticed a red draconian
 25101 | Volcano  | Killed a red draconian
 26245 | Lair:2   | Found a hole to the Spider Nest.
 26342 | Lair:2   | Noticed Erica
 26352 | Lair:2   | Killed Erica
 26353 | Lair:2   | Gained mutation: Your large and strong wings let you fly.
                  | [Gargoyle growth]
 26353 | Lair:2   | Reached XP level 14. HP: 94/94 MP: 21/21
 26626 | Lair:2   | Reached skill level 10 in Invocations
 27139 | Lair:2   | Noticed Fannar
 27149 | Lair:2   | Killed Fannar
 28855 | Lair:4   | Noticed Rupert
 28869 | Lair:4   | Killed Rupert
 28930 | Lair:4   | Reached skill level 15 in Fighting
 29303 | Lair:4   | Found a staircase to the Swamp.
 30459 | Lair:5   | Reached XP level 15. HP: 74/104 MP: 23/23
 30959 | Lair:5   | Found a staircase to the Slime Pits.
 30959 | Lair:5   | Found a viscous altar of Jiyva.
 31531 | Lair:6   | Entered Level 6 of the Lair of Beasts
 32879 | Lair:6   | Found a transporter.
 33387 | Lair:6   | Cast into level 1 of the Abyss (spriggan)
 33655 | Abyss:1  | Noticed a tentacled starspawn
 33670 | Abyss:1  | Noticed a green draconian monk
 33687 | Abyss:1  | Killed a tentacled starspawn
 33944 | Abyss:1  | Noticed a tentacled starspawn
 33957 | Abyss:1  | Killed a tentacled starspawn
 33982 | Abyss:1  | Noticed a green draconian monk
 34021 | Abyss:1  | Found a corrupted altar of Lugonu.
 34138 | Lair:6   | Escaped the Abyss
 34293 | Lair:6   | Reached XP level 16. HP: 100/112 MP: 25/25
 34482 | Lair:6   | Found a corrupted altar of Lugonu.
 34482 | Lair:6   | Found a one-way gate to the infinite horrors of the Abyss.
 34733 | Lair:6   | Reached skill level 5 in Throwing
 34892 | Lair:6   | Found a transporter.
 34899 | Lair:6   | Noticed garrulousMonolith's ghost (journeyman GnFi)
 35353 | Lair:6   | Killed garrulousMonolith's ghost
 35473 | Lair:6   | Cast into level 2 of the Abyss (spriggan rider)
 35473 | Abyss:2  | Found a corrupted altar of Lugonu.
 35562 | Abyss:2  | Noticed a tentacled starspawn
 35564 | Abyss:2  | Found a corrupted altar of Lugonu.
 35567 | Abyss:2  | Killed a tentacled starspawn
 35588 | Abyss:2  | Found a corrupted altar of Lugonu.
 35632 | Lair:6   | Escaped the Abyss
 37509 | D:11     | Found an ancient bone altar of Kikubaaqudgha.
 38667 | D:13     | Reached skill level 15 in Armour
 38903 | D:13     | Found a gate to the Vaults.
 39001 | D:13     | Noticed Frances
 39025 | D:13     | Killed Frances
 40199 | D:14     | Reached XP level 17. HP: 48/120 MP: 26/26
 40822 | D:15     | Entered Level 15 of the Dungeon
 40853 | D:15     | Found a frozen archway.
 40868 | IceCv    | Entered an ice cave
 41492 | IceCv    | Found an ancient bone altar of Kikubaaqudgha.
 42276 | IceCv    | Noticed a lich
 42545 | IceCv    | Killed a lich
 42567 | IceCv    | Identified the ring "Niaraj" {rN+ Int+6}
 44262 | D:15     | Noticed Agnes
 44283 | D:15     | Killed Agnes
 44817 | D:15     | Found a staircase to the Depths.
 45200 | Swamp:1  | Entered Level 1 of the Swamp
 45200 | Swamp:1  | Identified Roxanne's Compendium of Transformation
 45200 | Swamp:1  | Noticed Roxanne
 48786 | Swamp:1  | Killed Roxanne
 48787 | Swamp:1  | Reached XP level 18. HP: 91/129 MP: 29/29
 49019 | Swamp:2  | Reached skill level 15 in Invocations
 49856 | Swamp:2  | Found an ancient bone altar of Kikubaaqudgha.
 50806 | Swamp:4  | Entered Level 4 of the Swamp
 53792 | Swamp:4  | Got a decaying rune of Zot
 54026 | Spider:1 | Entered Level 1 of the Spider Nest
 54528 | Spider:1 | Noticed Josephine
 54570 | Spider:1 | Killed Josephine
 54901 | Spider:1 | Reached XP level 19. HP: 114/135 MP: 30/30
 55896 | Spider:2 | Reached skill level 5 in Evocations
 56727 | Spider:2 | Noticed Arachne
 56801 | Spider:2 | Killed Arachne
 58893 | Spider:3 | Identified the +5 ring mail of Beauty {rF+ Will++}
 60659 | Spider:4 | Entered Level 4 of the Spider Nest
 64948 | Spider:3 | Reached XP level 20. HP: 126/140 MP: 32/32
 67009 | Spider:4 | Got a gossamer rune of Zot
 67789 | Vaults:1 | Entered Level 1 of the Vaults
 69635 | Vaults:1 | Noticed Frederick
 69653 | Vaults:1 | Zin protects you from harm!
 69655 | Vaults:1 | Killed Frederick
 70377 | Vaults:1 | Noticed Asterion
 70790 | Vaults:1 | Noticed Sojobo
 71519 | Lair:6   | Voluntarily entered the Abyss.
 71728 | Abyss:3  | Noticed a hellephant
 71921 | Abyss:3  | Noticed a bone dragon
 71921 | Abyss:3  | Noticed a bone dragon
 72151 | Abyss:3  | Found a stormy altar of Qazlal.
 72225 | Abyss:3  | Found a stormy altar of Qazlal.
 72251 | Abyss:3  | Found a stormy altar of Qazlal.
 72317 | Abyss:3  | Found a glowing golden altar of the Shining One.
 72334 | Abyss:3  | HP: 7/140 [cherub (7)]
 72342 | Abyss:3  | Noticed a juggernaut
 72351 | Abyss:3  | HP: 7/140 [angel (10)]
 72354 | Abyss:3  | Demolished by an angel

Illustrated notes

Levels and vault maps discovered:
D:1:      erik_arrival_triangle_small, layout_loops_corners,
          nicolae_ecumenical_snake_handling, st_stairs_11
D:2:      layout_rooms, basic_altar
D:3:      layout_loops_corners
D:4:      layout_loops_ring, serial_shops, nicolae_take_the_stairs,
          grunt_ministairs_6, minmay_fractal_squares_5, uniq_sigmund
D:5:      layout_layer_cave, lemuel_crystal_altar,
          minmay_temple_entry_glassed_door, kennysheep_another_room
D:6:      kennysheep_windowed_halls, layout_basic
D:7:      layout_loops_ring, enter_bailey_6, chequers_serial_rivers_micro_d,
          ebering_dispersal_statue_hall, the_hattery
D:8:      layout_loops_ring, serial_aquarium, aquarium_bridge_square
          [aquarium_subvault_window, aquarium_subvault_bridge,
          aquarium_subvault_wall, aquarium_subvault_bridge],
          aquarium_bridge_long_joined [aquarium_subvault_bridge,
          aquarium_subvault_balcony, aquarium_subvault_balcony,
          aquarium_subvault_bridge, aquarium_subvault_wall,
          aquarium_subvault_bridge], aquarium_window_2, aquarium_window_fake,
          aquarium_window_fake, aquarium_window_1, aquarium_view_2b,
          aquarium_balcony_3b, aquarium_pool_1, enter_ossuary_5
D:9:      layout_long_grid, lair_entry_dummy, chequers_serial_rivers_room_b
D:10:     minmay_the_grid_octo_tiled_octocenter [minmay_the_grid_octo_clover_2,
          minmay_the_grid_octo_checkered, minmay_the_grid_octo_chip,
          minmay_the_grid_octo_concentric,
          minmay_the_grid_octo_prize_ultimate_mussel_roller,
          minmay_the_grid_square_5x5_checkered_statues,
          minmay_the_grid_square_5x5_checkered,
          minmay_the_grid_square_5x5_percent, minmay_the_grid_square_5x5_meh],
          layout_basic, hiddenorc2_lemuel
D:11:     hangedman_cross_cluster, layout_basic, kennysheep_vampire_church
D:12:     layout_basic
D:13:     layout_cave_pods, hangedman_vaults_entry_quadrant_bands, uniq_frances
D:14:     layout_loops_ring, hangedman_decor_opposing,
          minmay_misc_feat_more_columns
D:15:     grunt_enter_depths_hoard, layout_basic, serial_ice, serial_ice_j,
          serial_ice_n, serial_ice_h, serial_ice_a, serial_ice_f, serial_ice_b,
          portal_ice_cave_entry_frozen_things, amcnicky_mini_pool_small,
          chequers_serial_rivers_small_b, st_stairs_4, uniq_agnes
Temple:   mainiacjoe_temple_hex_bubbles
Lair:1:   layout_gridlike, nicolae_volcano_entry_batcave, serial_bayou_shore_a
Lair:2:   layout_loops_ring, nicolae_spider_entry_non_spiders,
          nicolae_quartered_pool_super, uniq_erica, uniq_fannar
Lair:3:   layout_regular_city, minivault_19
Lair:4:   layout_roguey, minmay_swamp_entry_worms,
          chequers_serial_rivers_small_3, grunt_megastairs_5, uniq_rupert
Lair:5:   layout_cave_pods, slime_altar_1
Lair:6:   hellmonk_lair_end_abyssal_woods, layout_regular_city,
          gammafunk_ghost_abyssal_escape
Swamp:1:  layout_basic_swamp, hangedman_swamp_ruin_hall, uniq_roxanne
Swamp:2:  layout_falls_marsh, basic_altar, infiniplex_staircase_pool_2
Swamp:3:  layout_basic_swamp, evilmike_swamp_ruin_house_1, swamp_pool5
Swamp:4:  swamp_alternative, layout_basic_swamp
Spider:1: layout_spider_delve, drop_trap, uniq_josephine
Spider:2: layout_cave_pods, nicolae_spider_rock_and_or_roll, uniq_arachne
Spider:3: layout_chambers
Spider:4: johnstein_spider_rune_arachne_lair
Orc:1:    layout_caves, basic_altar, minmay_shop_enchanted_jewellery
Orc:2:    grunt_orc_community_town_hall, layout_caves,
          grunt_orc_community_big_house_1, grunt_orc_community_big_house_2,
          grunt_orc_community_house_2, grunt_orc_community_house_2,
          grunt_orc_community_house_3, grunt_orc_community_house_1,
          grunt_orc_community_house_1, grunt_orc_community_house_1,
          serial_shops, nicolae_shop_advertising_works
          [nicolae_subvault_shop_adworks], nicolae_lakefront_shop, shop,
          nicolae_shop_statue_plus, uniq_saint_roka, uniq_donald, uniq_nessos
Vaults:1: v_pattern_5, nicolae_vaults_network_quinsquares
          [nicolae_vaults_network_quincunx_subvault,
          nicolae_vaults_network_quincunx_subvault,
          nicolae_vaults_network_quincunx_subvault,
          nicolae_vaults_network_quincunx_subvault], nicolae_vaults_theta,
          nicolae_vaults_little_squares_5, sword_in_stone,
          nicolae_vaults_border_crossing, nicolae_vaults_asterisk,
          layout_vaults_omnigrid
Abyss:3:  base: Temple, bh_abyss_xom_lugonu_altar, evilmike_abyss_exit_glass,
          lemuel_flamethrower_3, nicolae_abyss_rune_star_stuff,
          hangedman_decor_riveting, minivault_25_ag, minivault_25_ag,
          evilmike_abyss_rune_tso_outpost

Skill      XL: |  1  2  3  4  5  6  7  8  9 10 11 12 13 14 15 16 17 18 19 20 |
---------------+-------------------------------------------------------------+-----
Conjurations   | 5 |  5.0
Fighting       | 1 2 4 5 6 7 8 9 13 15 16 18 20 | 20.0
Dodging        | 2 3 5 |  5.2
Spellcasting   | 3 4 |  4.3
Maces & Flails | 1 2 |  2.5
Staves         | 2 4 5 8 11 13 | 13.8
Evocations     | 1 4 6 9 |  9.6
Invocations    | 2 4 5 6 7 9 11 12 13 14 15 16 18 | 18.7
Throwing       | 1 2 4 6 8 9 |  9.1
Armour         | 5 7 9 10 13 15 16 19 20 | 20.0
Short Blades   | |  0.2
Long Blades    | |  0.2
Bows           | |  0.3
Crossbows      | |  0.1
Stealth        | |  2.1
Shields        | |  0.6
Unarmed Combat | |  0.4
Hexes          | |  0.1
Summonings     | |  0.4
Necromancy     | |  0.3
Translocations | |  0.1
Transmutations | |  0.1
Fire Magic     | |  0.5
Ice Magic      | |  0.6
Air Magic      | |  0.3
Earth Magic    | |  0.2
Poison Magic   | |  0.4

Action                   |  1- 3 |  4- 6 |  7- 9 | 10-12 | 13-15 | 16-18 | 19-21 || total
-------------------------+-------+-------+-------+-------+-------+-------+-------++-------
Melee: Dagger            |     7 |    12 |       |       |       |       |       ||    19
       Whip              |       |   128 |   229 |    23 |       |       |       ||   380
       Mace              |       |       |    27 |       |       |       |       ||    27
       Lajatang          |       |       |       |   565 |  1343 |  1593 |  1510 ||  5011
       Quarterstaff      |       |       |       |       |    72 |   142 |       ||   214
Throw: Dart              |       |       |     4 |     6 |     3 |       |     4 ||    17
 Cast: Magic Dart        |    86 |    44 |     5 |       |       |       |       ||   135
Invok: Recite            |       |       |       |     1 |     5 |     5 |     2 ||    13
       Sanctuary         |       |       |       |     1 |     2 |     5 |     3 ||    11
       Vitalisation      |       |       |       |       |     4 |     4 |    10 ||    18
       Imprison          |       |       |       |       |       |       |     1 ||     1
Evoke: Wand              |       |       |     7 |       |    10 |    15 |     9 ||    41
       Lightning rod     |       |       |       |       |       |       |     1 ||     1
  Use: Scroll            |       |     5 |     1 |     3 |    19 |    11 |    16 ||    55
       Potion            |       |       |       |       |     4 |     2 |    16 ||    22
 Stab: Sleeping          |       |     1 |     2 |       |       |       |       ||     3
       Confused          |       |       |       |     2 |     1 |     2 |       ||     5
       Invisible         |       |       |       |     1 |     2 |       |       ||     3
       Paralysed         |       |       |       |       |     3 |     2 |       ||     5
Armor: Robe              |    11 |    44 |    52 |       |       |       |       ||   107
       Plate armour      |       |       |   116 |   517 |  1104 |  1610 |   511 ||  3858
       Ring mail         |       |       |       |       |       |       |  1165 ||  1165
Dodge: Dodged            |    20 |    99 |   198 |   192 |   401 |   675 |  1031 ||  2616
       Repelled          |       |       |     5 |     3 |     3 |       |       ||    11
Block: Other             |       |       |       |       |   233 |   366 |   438 ||  1037
       Reflection        |       |       |       |       |     1 |    10 |     2 ||    13

Table legend: (Time is in decaauts)
 A = Elapsed time spent in this place.
 B = Non-inter-level travel time spent in this place.
 C = Inter-level travel time spent in this place.
 D = Time resting spent in this place.
 E = Time spent auto-exploring this place.
 F = Levels seen in this place.
 G = Mean time per level.
                   A        B        C        D        E       F      G
               +--------+--------+--------+--------+--------+-----+--------+
         Total |  71026 |  68192 |   2834 |  28526 |  25406 |  42 | 1691.1 |
       Dungeon |  28039 |  26522 |   1517 |   9181 |  12440 |  15 | 1869.3 |
        Temple |    129 |    109 |     20 |      0 |    104 |   1 |  129.0 |
          Lair |  10792 |  10024 |    768 |   3079 |   5197 |   6 | 1798.7 |
         Swamp |   7920 |   7753 |    167 |   4303 |   1824 |   4 | 1980.0 |
   Spider Nest |  13327 |  12999 |    328 |   6916 |   3871 |   4 | 3331.8 |
  Orcish Mines |   4214 |   4183 |     31 |   2109 |   1118 |   2 | 2107.0 |
        Vaults |   1611 |   1611 |      0 |    908 |    201 |   1 | 1611.0 |
         Abyss |   1635 |   1635 |      0 |    503 |     14 |   5 |  327.0 |
       Ossuary |    219 |    219 |      0 |      0 |    144 |   1 |  219.0 |
        Bailey |    710 |    710 |      0 |    123 |    141 |   1 |  710.0 |
      Ice Cave |   1740 |   1740 |      0 |    966 |    294 |   1 | 1740.0 |
       Volcano |    684 |    684 |      0 |    434 |     57 |   1 |  684.0 |
               +--------+--------+--------+--------+--------+-----+--------+

Top non-repeatable levels by time:
Spider:3: 6708 daAuts
     D:9: 3162 daAuts
    D:10: 3046 daAuts
    D:13: 3032 daAuts
  Lair:5: 2555 daAuts
Spider:1: 2543 daAuts
     D:6: 2528 daAuts
  Lair:6: 2431 daAuts
 Swamp:1: 2413 daAuts
     D:4: 2277 daAuts
   Orc:1: 2231 daAuts
Spider:4: 2168 daAuts
 Swamp:3: 2159 daAuts
  Lair:4: 2157 daAuts
     D:5: 2059 daAuts
